 Dungeon Crawl Stone Soup version 0.19.5 (webtiles) character file.

208 miragecloak the Changer (level 5, -3/33 HPs)
             Began as an Octopode Transmuter on May 10, 2017.
             Killed from afar by an orc wizard (10 damage)
             ... with a puff of flame
             ... on level 3 of the Dungeon.
             The game lasted 00:03:02 (2910 turns).

miragecloak the Changer (Octopode Transmuter)       Turns: 2910, Time: 00:03:03

Health: -3/33      AC:  2    Str: 10    XL:     5   Next: 86%
Magic:  5/8        EV: 20    Int: 15    God:
Gold:   122        SH:  0    Dex: 18    Spells: 2 memorised, 4 levels left

rFire  . . .     SeeInvis .       - Unarmed
rCold  . . .     Gourm    .     (shield currently unavailable)
rNeg   . . .     Faith    .     (helmet currently unavailable)
rPois  x         Spirit   .     (no amulet)
rElec  .         Reflect  .     (no ring)
rCorr  .         Harm     .     (no ring)
MR     .....                    (no ring)
Stlth  ++........               (no ring)
                                (no ring)
                                (no ring)
                                (no ring)
                                (no ring)

@: spider-form
A: almost no armour, stealthy swim, (amphibious), 8 rings, (constrict 8),
(camouflage 0), (gelatinous body 0)
a: End Transformation


You were on level 3 of the Dungeon.
You were near starving.
You were a venomous arachnid creature.
You visited 1 branch of the dungeon, and saw 4 of its levels.

You collected 122 gold pieces.

Inventory:

Missiles
 a - 12 arrows
Scrolls
 d - 2 scrolls of identify {unknown}
 f - a scroll of amnesia {unknown}
 h - a scroll of enchant armour {unknown}
 i - 2 scrolls of remove curse {unknown}
 m - a scroll of recharging {unknown}
 n - a scroll of fear {unknown}
 q - a scroll of teleportation {unknown}
Potions
 e - a potion of mutation {unknown}
 g - a potion of might {unknown}
 k - 2 potions of curing {unknown}
 l - a potion of flight {unknown}
 p - a potion of degeneration {unknown}
Books
 b - a book of Changes

   Spells                             Type                      Level
   a - Beastly Appendage              Transmutation                1
   b - Sticks to Snakes               Transmutation                2
   c - Spider Form                    Transmutation/Poison         3
   d - Ice Form                       Ice/Transmutation            4
   e - Blade Hands                    Transmutation                5
Comestibles
 c - 3 bread rations
 j - a beef jerky
 o - a royal jelly


   Skills:
 - Level 1.0 Fighting
 - Level 2.0 Dodging
 + Level 3.9 Unarmed Combat
 - Level 2.0 Spellcasting
 - Level 4.0 Transmutations
 - Level 3.9 Poison Magic


You had 4 spell levels left.
You knew the following spells:

 Your Spells              Type           Power        Failure   Level  Hunger
a - Beastly Appendage     Tmut           ##....       14%         1    #......
b - Spider Form           Tmut/Pois      ##........   36%         3    ###....


Dungeon Overview and Level Annotations

Branches:
Dungeon (4/15)
 Temple: D:4-7

Altars:
Cheibriados
Hepliaklqana
Trog


Innate Abilities, Weirdness & Mutations

You cannot wear most types of armour.
You are very stealthy in the water. (Stealth+)
((You are amphibious.))
You can wear up to eight rings at the same time.
((You can use your tentacles to constrict eight enemies at once.))
((Your skin changes colour to match your surroundings (Stealth+).))
((Your rubbery body absorbs attacks. (AC +1, EV +1)))


Message History

The worm is almost dead.
You constrict the worm.
You kill the worm!
The iguana bites you!
* * * LOW HITPOINT WARNING * * *
Your transformation is almost over.
A jackal comes into view.
Your tentacle spike disappears.
There is a stone staircase leading up here.
Your magical contamination has completely faded away.
You climb upwards.
There is a stone staircase leading down here.
An orc wizard is nearby!
Casting: Spider Form
Confirm with . or Enter, or press ? or * to list all spells.
You turn into a venomous arachnid creature.
You are near starving!
The orc wizard gestures at you while chanting.
The puff of flame hits you!
You die...

#.# #..#..##....##..####[#
#.##.#..#).##....##..####.##
#.##.#..##.##...............
#.##.#.^........####.####.##
..........................#
#.##.#..######..###########
#.##.#..# #..o# ...#.#..#
#...# ##.#.#..#######.s#
................>#
##.#.#.########### #.#.#.#
....#.# ##.###.# ... ..#
#### ###


You could see an orc wizard.

Vanquished Creatures
  A scorpion (D:4)
  A hound (D:4)
  A worker ant (D:4)
  4 adders
  An ooze (D:4)
  An adder skeleton (D:4)
  6 worms
  A leopard gecko (D:1)
  A giant cockroach (D:1)
  6 goblins
  7 hobgoblins
  10 bats
  5 frilled lizards
  2 kobolds
  2 rats
49 creatures vanquished.

Notes
Turn   | Place    | Note
-------+----------+-------------------------------------------
     0 | D:1      | miragecloak the Octopode Transmuter began the quest for the Orb.
     0 | D:1      | Reached XP level 1. HP: 13/13 MP: 3/3
   160 | D:1      | Reached XP level 2. HP: 14/18 MP: 3/5
   304 | D:1      | Reached skill level 3 in Transmutations
  1008 | D:2      | Reached XP level 3. HP: 16/23 MP: 6/6
  1563 | D:2      | Reached skill level 4 in Transmutations
  1576 | D:2      | Learned a level 3 spell: Spider Form
  1590 | D:2      | Found a snail-covered altar of Cheibriados.
  1933 | D:2      | Reached skill level 1 in Poison Magic
  1933 | D:2      | Reached XP level 4. HP: 13/28 MP: 3/7
  2520 | D:4      | Reached XP level 5. HP: 32/33 MP: 5/8
  2667 | D:4      | Found a hazy altar of Hepliaklqana.
  2667 | D:4      | Found a bloodstained altar of Trog.
  2910 | D:3      | Killed from afar by an orc wizard

Skill      XL: |  1  2  3  4 |
---------------+-------------+-----
Transmutations | 3 4 |  4.0
Poison Magic   | 1 3 |  3.9
Fighting       | |  1.0
Dodging        | |  2.0
Unarmed Combat | |  3.9
Spellcasting   | |  2.0

Action                   |  1- 3 |  4- 6 || total
-------------------------+-------+-------++-------
Melee: Unarmed           |    73 |    65 ||   138
       Kick              |    13 |     7 ||    20
       Constrict         |    14 |    12 ||    26
       Punch             |     1 |     2 ||     3
       Tentacles         |     5 |    10 ||    15
 Cast: Beastly Appendage |    25 |     7 ||    32
       Spider Form       |     2 |     5 ||     7
 Stab: Sleeping          |    11 |     2 ||    13
  Eat: Chunk             |     3 |     4 ||     7
Armor: Skin              |     4 |     4 ||     8
Dodge: Dodged            |    26 |    38 ||    64
